 Dungeon Crawl Stone Soup version 0.30.1-3-gfc49f6343a (webtiles) character file.

Game seed: 6562654275445825188

28629 Wiggles the Executioner (level 13, -15/95 HPs)
             Began as a Minotaur Berserker on July 27, 2023.
             Was a High Priest of Trog.
             Demolished by a death yak (20 damage)
             ... on level 1 of the Lair of Beasts.
             The game lasted 00:23:30 (11775 turns).

Wiggles the Executioner (Minotaur Berserker)       Turns: 11775, Time: 00:23:30

Health: -15/95     AC: 15    Str: 27    XL:     13   Next: 10%
Magic:  12/12      EV:  9    Int:  4    God:    Trog [*****.]
Gold:   643        SH:  0    Dex: 10    Spells: 12/12 levels left

rFire   . . .        y - +3 broad axe (venom)
rCold   . . .        (no shield)
rNeg    . . .        j - +0 chain mail
rPois   +            (helmet restricted)
rElec   .            z - +2 cloak
rCorr   .            (no gloves)
SInv    .            u - +2 pair of boots
Will    .....        q - amulet of regeneration Stlth
                     L - ring of poison resistance
HPRegen 1.15/turn    J - +4 ring of slaying
MPRegen 0.13/turn

%: no passive effects
@: no status effects
A: horns 2, retaliatory headbutt
a: Renounce Religion, Berserk, Trog's Hand, Brothers in Arms


You were on level 1 of the Lair of Beasts.
You worshipped Trog.
Trog was extremely pleased with you.
You visited 2 branches of the dungeon, and saw 13 of its levels.
You also visited: Sewer, Ossuary and Bailey.

You collected 945 gold pieces.
You spent 302 gold pieces at shops.

Inventory:

Hand Weapons
 y - a +3 broad axe of venom (weapon)
 H - a +0 battleaxe
 M - a +0 battleaxe of venom
Missiles
 o - 5 boomerangs (quivered)
 N - 2 throwing nets
Armour
 j - a +0 chain mail (worn)
 u - a +2 pair of boots (worn)
 z - a +2 cloak (worn)
Jewellery
 q - an amulet of regeneration (around neck)
 s - an amulet of magic regeneration
 t - a ring of protection from fire
 C - a +5 ring of evasion
 J - a +4 ring of slaying (right hand)
 K - a ring of resist corrosion
 L - a ring of poison resistance (left hand)
Wands
 v - a wand of iceblast (10)
 A - a wand of paralysis (22)
 P - a wand of flame (22)
Scrolls
 b - 7 scrolls of identify
 c - 6 scrolls of teleportation
 d - 2 scrolls of vulnerability
 g - 5 scrolls of fear
 n - a scroll of enchant armour
 I - 2 scrolls of blinking
 Q - a scroll of amnesia {unknown}
 R - a scroll of magic mapping
Potions
 a - 2 potions of flight
 e - 5 potions of brilliance
 f - 5 potions of attraction
 h - 5 potions of mutation
 i - 7 potions of degeneration
 k - 7 potions of haste
 l - 3 potions of magic
 m - 6 potions of heal wounds
 p - 3 potions of lignification
 r - 2 potions of experience
 w - 4 potions of curing
 x - 2 potions of berserk rage
 B - 2 potions of cancellation
 D - 6 potions of resistance
 E - 2 potions of might
 F - a potion of ambrosia
 G - 3 potions of invisibility
Miscellaneous
 O - a piece from Xom's chessboard (15/15)


   Skills:
 - Level 3.6 Fighting
 + Level 25.2 Axes
 - Level 2.4 Armour
 - Level 2.1 Dodging
 - Level 0.1 Stealth


You had 12 spell levels left.
You didn't know any spells.
Your spell library was empty.

Dungeon Overview and Level Annotations

Branches:
Dungeon (12/15)            Temple (0/1) D:4            Lair (1/5) D:8
    Orc (0/2) D:10          Sewer (visited)         Ossuary (visited)
 Bailey (visited)

Altars:
Cheibriados
Elyvilon
Hepliaklqana
Ru
Uskayaw
Vehumet
Wu Jian
Xom
Yredelemnul
The Shining One

Shops:
D:3 [(   D:5 :[(   D:6 ?

Annotations:
Lair:1 1 runed translucent door, bronco's ghost, journeyman OgAE


Innate Abilities, Weirdness & Mutations

You have a pair of horns on your head.
You reflexively headbutt those who attack you in melee.


Message History

The death yak gores you but does no damage. x2
You slice the death yak!!
The death yak looks as sick as possible!
You headbutt the death yak.
You kill the death yak!
Trog accepts your kill.
You slash the death yak!
The death yak looks as sick as possible!
The death yak closely misses you.
You slash the death yak!
The death yak is moderately wounded.
You slash the death yak!
The death yak looks as sick as possible!
You barely miss the death yak. You headbutt the death yak.
The death yak is moderately wounded.
You hit the death yak.
The death yak looks as sick as possible!
The death yak gores you!
* * * LOW HITPOINT WARNING * * *
The death yak gores you!
* * * LOW HITPOINT WARNING * * *
You barely miss the death yak.
The death yak is moderately wounded.
You hit the death yak.
The death yak looks as sick as possible!
The death yak completely misses you.
The death yak gores you but does no damage.
You slice the death yak!!
The death yak looks as sick as possible!
The death yak is severely wounded.
You hit the death yak.
The death yak looks as sick as possible!
You slash the death yak!
The death yak looks as sick as possible!
The death yak is almost dead.
You slash the death yak!
The death yak looks as sick as possible!
The death yak gores you but does no damage.
The death yak gores you!!
You die...

♣♣ ♣♣ ....... ♣♣...♣♣♣♣
####... . .P♣...P♣ #...
.. ♣♣.?!♣P.♣ #... ...
♣♣...♣.♣.♣♣ #... ...h
♣.ihi♣..♣.♣ #... #...
♣i###+###i♣ #...
#....####⌠...⌠## #...
#....hY@.......### #...
####.###Y...P##..###P...
............>.........
........................
.........................
.. ......................
. ......................
............#+##'##...
###.......#.....#...


You could see 2 death yaks, a polar bear, a black bear and a spriggan.

Vanquished Creatures
  5 two-headed ogres
  Erica (D:8)
  A boulder beetle (D:12)
  3 death yaks (Lair:1)
  Nergalle (Lair:1)
  An orc knight (Bailey)
  An ugly thing (D:10)
  A manticore (D:11)
  5 cane toads (Lair:1)
  2 gargoyles
  An unseen horror (D:12)
  Maggie (Lair:1)
  A kobold demonologist (D:11)
  4 komodo dragons
  A polar bear (Lair:1)
  2 trolls
  10 blink frogs (Lair:1)
  2 wraiths (D:10)
  3 shadows (D:10)
  37 yaks
  3 wyverns
  5 steam dragons
  7 vampire mosquitoes
  A basilisk (Lair:1)
  A warg (D:10)
  6 water moccasins
  An ice beast (D:5)
  2 sky beasts (D:7)
  8 orc warriors
  5 centaurs
  4 ogres
  3 phantoms
  7 kobold brigands
  Blork the orc (D:4)
  5 bullfrogs
  7 scorpions
  A gnoll sergeant (D:9)
  8 wights
  9 killer bees
  3 howler monkeys
  4 hounds
  3 orc priests (D:8)
  4 sleepcaps
  Crazy Yiuf (D:7)
  2 jellies (D:5)
  Ijyb (D:5)
  A gnoll bouda (D:9)
  4 iguanas
  11 orc wizards
  9 mummies
  9 adders
  23 gnolls
  4 shadow imps
  2 worms (D:3)
  A dart slug (D:1)
  50 orcs
  9 ball pythons
  3 endoplasms
  5 giant cockroaches
  9 goblins
  3 hobgoblins
  3 jackals (D:2)
  3 quokkas
  6 bats
  4 frilled lizards
  2 gnoll zombies (Ossuary)
  A goblin skeleton (D:6)
  3 hobgoblin zombies
  21 kobolds
  2 kobold skeletons (D:6)
  A kobold zombie (D:6)
  An orc skeleton (D:6)
  6 orc zombies
  6 rats
387 creatures vanquished.

Vanquished Creatures (others)
  An unseen horror (D:11)
1 creature vanquished.

Grand Total: 388 creatures vanquished

Notes
Turn   | Place    | Note
-------+----------+-------------------------------------------
     0 | D:1      | Wiggles the Minotaur Berserker began the quest for the Orb.
     0 | D:1      | Reached XP level 1. HP: 19/19 MP: 0/0
   162 | D:1      | Reached skill level 4 in Axes
   346 | D:1      | Reached XP level 2. HP: 26/26 MP: 1/1
   764 | D:2      | Reached skill level 5 in Axes
   764 | D:2      | Reached XP level 3. HP: 21/31 MP: 2/2
  1092 | D:2      | Reached ** piety under Trog
  1292 | D:3      | Reached skill level 6 in Axes
  1292 | D:3      | Reached XP level 4. HP: 39/39 MP: 3/3
  1384 | D:3      | Found a glowing drain.
  1396 | Sewer    | Entered a sewer
  1451 | Sewer    | Noticed a kobold brigand
  1451 | Sewer    | Noticed a kobold brigand
  1457 | Sewer    | Killed a kobold brigand
  1458 | Sewer    | Reached skill level 7 in Axes
  1458 | Sewer    | Reached XP level 5. HP: 45/45 MP: 4/4
  1513 | Sewer    | Reached skill level 8 in Axes
  1513 | Sewer    | Reached XP level 6. HP: 44/51 MP: 5/5
  2003 | D:3      | Found Axiab's Antique Armour Boutique.
  2052 | D:3      | Found Ciqolywn's Weapon Emporium.
  2110 | D:3      | Bought a +0 broad axe for 56 gold pieces
  2219 | D:4      | Noticed Blork the orc
  2231 | D:4      | Killed Blork the orc
  2273 | D:4      | Reached skill level 9 in Axes
  2285 | D:4      | Found a staircase to the Ecumenical Temple.
  2470 | D:4      | Reached XP level 7. HP: 57/57 MP: 6/6
  2668 | D:4      | Found a sacrificial altar of Ru.
  2725 | D:4      | Found a radiant altar of Vehumet.
  2735 | D:4      | Found an ornate altar of the Wu Jian Council.
  2819 | D:5      | Entered Level 5 of the Dungeon
  2851 | D:5      | Noticed Ijyb
  2861 | D:5      | Killed Ijyb
  2881 | D:5      | Reached skill level 10 in Axes
  2890 | D:5      | Reached *** piety under Trog
  2971 | D:5      | Reached skill level 11 in Axes
  3036 | D:5      | Found Huumoj's Armour Emporium.
  3115 | D:5      | Reached XP level 8. HP: 64/64 MP: 7/7
  3151 | D:5      | Reached skill level 12 in Axes
  3177 | D:5      | Found Gabam's Weapon Shoppe.
  3185 | D:5      | Bought a +1 broad axe of venom for 141 gold pieces
  3493 | D:5      | Found Zoquwkepum's Book Shoppe.
  3541 | D:5      | Reached skill level 13 in Axes
  3800 | D:6      | Found a hide-covered altar of Uskayaw.
  3813 | D:6      | Reached skill level 14 in Axes
  3837 | D:6      | Reached XP level 9. HP: 70/70 MP: 8/8
  3865 | D:6      | Found a basalt altar of Yredelemnul.
  3870 | D:6      | Found Gearph's Magic Scroll Shoppe.
  3883 | D:6      | Bought a scroll of enchant armour for 105 gold pieces
  3903 | D:6      | Found a hazy altar of Hepliaklqana.
  3904 | D:6      | Found a shimmering altar of Xom.
  3905 | D:6      | Noticed a spectral ugly thing
  4051 | D:6      | Reached **** piety under Trog
  4248 | D:6      | Found a glowing golden altar of the Shining One.
  4281 | D:6      | Reached skill level 15 in Axes
  4924 | D:7      | Found a sand-covered staircase.
  4930 | Ossuary  | Entered an ossuary
  5182 | D:7      | Reached skill level 16 in Axes
  5200 | D:7      | Found a flagged portal.
  5230 | Bailey   | Entered a bailey
  5346 | Bailey   | Noticed an orc knight
  5366 | Bailey   | Killed an orc knight
  5582 | D:7      | Reached skill level 17 in Axes
  5582 | D:7      | Reached XP level 10. HP: 70/77 MP: 9/9
  5809 | D:7      | Reached ***** piety under Trog
  5938 | D:7      | Found a runed translucent door.
  5939 | D:7      | Noticed Crazy Yiuf
  6027 | D:7      | Killed Crazy Yiuf
  6236 | D:8      | Reached skill level 18 in Axes
  6506 | D:8      | Found a staircase to the Lair.
  6519 | D:8      | Received a gift from Trog
  6538 | D:8      | Reached skill level 19 in Axes
  6628 | D:8      | Reached XP level 11. HP: 52/82 MP: 10/10
  6778 | D:8      | Noticed Erica
  6782 | D:8      | Killed Erica
  6783 | D:8      | Reached skill level 20 in Axes
  6815 | D:8      | Found a white marble altar of Elyvilon.
  7372 | D:9      | Reached skill level 21 in Axes
  7699 | D:9      | Noticed a two-headed ogre
  7705 | D:9      | Killed a two-headed ogre
  7872 | D:10     | Entered Level 10 of the Dungeon
  8193 | D:10     | Noticed a red ugly thing
  8283 | D:10     | Received a gift from Trog
  8419 | D:10     | Found a staircase to the Orcish Mines.
  8434 | D:10     | Killed a red ugly thing
  8523 | D:10     | Reached skill level 22 in Axes
  9236 | D:11     | Reached XP level 12. HP: 69/90 MP: 11/11
  9398 | D:11     | Noticed a two-headed ogre
  9403 | D:11     | Killed a two-headed ogre
  9495 | D:11     | Noticed a two-headed ogre
  9506 | D:11     | Killed a two-headed ogre
  9587 | D:11     | Found a snail-covered altar of Cheibriados.
  9793 | D:11     | Reached skill level 23 in Axes
  9931 | D:11     | Noticed a two-headed ogre
  9936 | D:11     | Killed a two-headed ogre
 10357 | D:12     | Noticed a boulder beetle
 10377 | D:12     | Killed a boulder beetle
 10510 | D:12     | Noticed a two-headed ogre
 10519 | D:12     | Killed a two-headed ogre
 10961 | Lair:1   | Entered Level 1 of the Lair of Beasts
 11036 | Lair:1   | Reached skill level 24 in Axes
 11265 | Lair:1   | Noticed Nergalle
 11273 | Lair:1   | Killed Nergalle
 11620 | Lair:1   | Noticed Maggie
 11629 | Lair:1   | Killed Maggie
 11630 | Lair:1   | Reached XP level 13. HP: 81/95 MP: 12/12
 11663 | Lair:1   | Reached skill level 25 in Axes
 11734 | Lair:1   | Found a runed translucent door.
 11741 | Lair:1   | Identified the +11 trident of the Wasteland {flame, Int+6}
 11741 | Lair:1   | Noticed bronco's ghost (journeyman OgAE)
 11772 | Lair:1   | HP: 3/95 [death yak (10)]
 11775 | Lair:1   | Demolished by a death yak

Illustrated notes

Levels and vault maps discovered:
D:1:      dpeg_arrival_shrine, layout_basic,
          wander_ebering_terrifying_dragon_lair
D:2:      layout_basic, minmay_misc_feat_tiny
D:3:      layout_loops_corners, serial_shops, nicolae_lakefront_shop,
          nicolae_shop_bloodbath_and_beyond, portal_sewer_entry_b, minmay_cupped
D:4:      layout_basic, amethyst_overflow_temple_binary,
          nicolae_ru_the_path_less_chosen, minmay_temple_entry_drinking_statues,
          serial_rivers, chequers_serial_rivers_micro_a,
          chequers_serial_rivers_small_a, chequers_serial_rivers_micro_a,
          chequers_serial_rivers_small_3, chequers_serial_rivers_room_b,
          uniq_blork_the_orc
D:5:      minmay_razor_zed, layout_loops_ring, serial_shops, shop, shop,
          nicolae_shop_just_a_little_nook, kennysheep_generic_room_16, uniq_ijyb
D:6:      layout_gridville, nicolae_tso_besieged_by_evil,
          mainiacjoe_overflow_catwalk_spiral, regret_index_temple_of_mockery,
          serial_shops, nicolae_shop_window_shopping, hangedman_decor_lopped,
          patterned_corridor
D:7:      layout_loops_ring, lightli_bailey_entry_fortress,
          nicolae_ossuary_entry_plus, uniq_crazy_yiuf_cottage
D:8:      layout_loops_ring, nicolae_elyvilon_temple_path, lair_entry_dummy,
          uniq_erica
D:9:      layout_irregular_city
D:10:     minmay_clustersquares, layout_stronghold, david_orc_3
D:11:     layout_basic, chequers_serial_rivers_small_3,
          hellmonk_bongcloud_opening, slow_altar_2
D:12:     layout_long_grid
Lair:1:   layout_regular_city, ebering_ghost_funeral_grove, grunt_megastairs_1,
          uniq_nergalle, uniq_maggie

Skill      XL: |  1  2  3  4  5  6  7  8  9 10 11 12 13 |
---------------+----------------------------------------+-----
Axes           | 4 5 6 7 8 9 11 14 17 19 22 24 25 | 25.2
Fighting       | |  3.6
Armour         | |  2.4
Dodging        | |  2.1
Stealth        | |  0.1

Action                     |  1- 3 |  4- 6 |  7- 9 | 10-12 | 13-15 || total
---------------------------+-------+-------+-------+-------+-------++-------
  Melee: Hand axe          |    78 |    53 |       |       |       ||   131
         Headbutt          |     8 |    11 |    39 |   100 |    10 ||   168
         War axe           |       |    36 |    63 |       |       ||    99
         Broad axe         |       |     5 |   189 |   464 |    26 ||   684
         Punch             |       |     1 |     1 |     5 |       ||     7
  Throw: Boomerang         |       |     5 |       |       |       ||     5
 Invoke: Berserk           |     1 |     2 |     1 |     3 |       ||     7
    Use: Scroll            |       |       |    22 |     5 |       ||    27
         Potion            |       |       |     1 |       |       ||     1
 Armour: Leather armour    |     3 |       |       |       |       ||     3
         Chain mail        |    28 |    58 |   108 |   176 |     8 ||   378
  Dodge: Dodged            |    52 |    41 |   150 |   264 |     3 ||   510
